 Dungeon Crawl Stone Soup version 0.31-a0-237-g2d982f9f85 (webtiles) character file.

Game seed: 2257827737887592132

487 qw the Shooter (level 6, -11/53 HPs)
             Began as a Minotaur Hexslinger on July 10, 2023.
             Mangled by a two-headed ogre
             ... wielding a +0 giant club
              (18 damage)
             ... on level 5 of the Dungeon.
             The game lasted 00:01:13 (3602 turns).

qw the Shooter (Minotaur Hexslinger)                Turns: 3602, Time: 00:01:13

Health: -11/53     AC:  6    Str: 12    XL:     6   Next: 89%
Magic:  6/6        EV: 11    Int: 10    God:
Gold:   105        SH:  0    Dex: 15    Spells: 6/7 levels left

rFire   + . .        f - +2 sling (heavy)
rCold   . . .        (no shield)
rNeg    + . .        m - +1 ring mail {Will+}
rPois   +            (helmet restricted)
rElec   +            (no cloak)
rCorr   +            (no gloves)
SInv    .            (no boots)
Will    .....        n - amulet of faith
Stlth   +            o - ring of positive energy
HPRegen 0.28/turn    l - ring "Beav" {rElec rPois rF+ Will- rCorr}
MPRegen 0.10/turn

%: faith
@: no status effects
A: horns 2, retaliatory headbutt
a: no special abilities


You were on level 5 of the Dungeon.
You visited 1 branch of the dungeon, and saw 5 of its levels.

You collected 265 gold pieces.
You spent 160 gold pieces at shops.


Innate Abilities, Weirdness & Mutations

You have a pair of horns on your head.
You reflexively headbutt those who attack you in melee.


   Skills:
 - Level 4.7 Fighting
 + Level 6.9 Ranged Weapons
 - Level 1.0 Armour
 - Level 2.1 Dodging
 - Level 1.0 Spellcasting
 - Level 2.0 Hexes


You had 6 spell levels left.
You knew the following spells:

 Your Spells              Type           Power      Damage    Failure   Level
a - Slow                  Hex            16%        N/A       34%         1

Your spell library contained the following spells:

 Spells                   Type           Power      Damage    Failure   Level
 Inner Flame              Hex/Fire       2%         N/A       83%         3
 Portal Projectile        Hex/Tloc       4%         N/A       83%         3
 Cause Fear               Hex            2%         N/A       98%         4

Inventory:

Hand Weapons
 f - a +2 heavy sling (weapon)
Armour
 m - a +1 ring mail of willpower (worn)
Jewellery
 l - the ring "Beav" (right hand) {rElec rPois rF+ Will- rCorr}
   (You found it on level 4 of the Dungeon)

   [ring of protection from fire]

   rF:        It protects you from fire.
   rElec:     It insulates you from electricity.
   rPois:     It protects you from poison.
   rCorr:     It protects you from acid and corrosion.
   Will:      It decreases your willpower.
 n - an amulet of faith (around neck)
 o - a ring of positive energy (left hand)
 p - an amulet of reflection
Scrolls
 c - 2 scrolls of identify
 d - a scroll of enchant armour
 e - a scroll of teleportation
 j - a scroll of blinking {unknown}
Potions
 a - a potion of mutation
 b - a potion of cancellation
 g - a potion of enlightenment
 h - a potion of resistance
 i - a potion of might {unknown}
 k - a potion of curing {unknown}
 q - a potion of heal wounds {unknown}

Dungeon Overview and Level Annotations

Branches:
Dungeon (5/15)
 Temple: D:4-7

Altars:
Gozag
Qazlal
Ru
Trog

Shops:
D:4 [


Message History

HP restored.
You see here an adder corpse.
Items here: % ) / [.
You now have 105 gold pieces (gained 16).
A two-headed ogre comes into view.
It is wielding a +0 giant club and a +0 great mace.
Enter note:
Enter note: You shoot a sling bullet.
The two-headed ogre shouts in stereo!
The sling bullet hits the two-headed ogre!
The two-headed ogre is moderately wounded.
You shoot a sling bullet.
The sling bullet hits the two-headed ogre!
The two-headed ogre is moderately wounded.
You hear a bark!
A jackal comes into view.
You shoot a sling bullet.
The sling bullet hits the two-headed ogre.
The two-headed ogre is heavily wounded.
The two-headed ogre hits you with a +0 giant club!
The two-headed ogre closely misses you.
The jackal bites you but does no damage.
You shoot a sling bullet.
The sling bullet barely misses the two-headed ogre.
The jackal barely misses you. You furiously retaliate!
You headbutt the jackal. The two-headed ogre barely misses you.
The two-headed ogre hits you with a +0 great mace!
The jackal closely misses you. You furiously retaliate!
You headbutt the jackal. You shoot a sling bullet.
The sling bullet barely misses the jackal.
The jackal bites you but does no damage.
The two-headed ogre closely misses you. You furiously retaliate!
You headbutt the two-headed ogre!
The two-headed ogre hits you with a +0 great mace.
The jackal bites you but does no damage. x2
You shoot a sling bullet. The sling bullet hits the jackal.
You kill the jackal!
The two-headed ogre hits you with a +0 giant club!!
The two-headed ogre hits you with a +0 great mace!!
You die...

#~...# ##..#...~# #.~~.#
#.8..~~(# ## #...~#
#..#~...# .# #...~#
#..#~...# .# #.~~.#
#.8#.~~.# .####~...#
##..#...~# ....#...~##.
##%.##~...#
....##.~..##..####).##..~.##
....###....##..O@..##....##
....####...~###$.### ..###
........###^..#### .##
..........###....
...........# ####
........#### ....###.# ....#
#.# ##### #.#


You could see a two-headed ogre.

Vanquished Creatures
  An ogre (D:5)
  A scorpion (D:5)
  A jelly (D:5)
  Jessica (D:2)
  3 iguanas
  An orc wizard (D:5)
  Robin (D:3)
  A gnoll (D:5)
  3 adders
  A shadow imp (D:5)
  2 ufetubi
  2 worms
  4 dart slugs
  7 orcs
  5 bats
  9 endoplasms
  A giant cockroach (D:2)
  17 goblins
  14 hobgoblins
  A jackal (D:5)
  6 kobolds
  2 quokkas
  5 ball pythons
  3 frilled lizards
  8 rats
100 creatures vanquished.

Notes
Turn   | Place    | Note
-------+----------+-------------------------------------------
     0 | D:1      | qw the Minotaur Hexslinger began the quest for the Orb.
     0 | D:1      | Reached XP level 1. HP: 16/16 MP: 1/1
     0 | D:1      | 0 ||| qw: Version: 0.3-a-52-g30416fa
     0 | D:1      | 0 ||| qw: Game counter: 5131
     0 | D:1      | 0 ||| qw: Melee chars always use a shield: true
     0 | D:1      | 0 ||| qw: God list: Okawaru
     0 | D:1      | 0 ||| qw: Allow faded altars: false
     0 | D:1      | 0 ||| qw: Do Orc after clearing Dungeon:15 true
     0 | D:1      | 0 ||| qw: Do second Lair branch before Depths: true
     0 | D:1      | 0 ||| qw: Lair rune preference: random
     0 | D:1      | 0 ||| qw: Goals: Normal
     0 | D:1      | 0 ||| PLANNING D:1-11
   103 | D:1      | 103 ||| SWAPPING to +2 heavy sling.
   104 | D:1      | 104 ||| DROPPING +1 sling.
   114 | D:1      | Reached skill level 3 in Ranged Weapons
   133 | D:1      | Reached XP level 2. HP: 23/23 MP: 2/2
   217 | D:1      | Found a faded altar of an unknown god.
   608 | D:1      | 608 ||| UPGRADING to +0 ring mail.
   618 | D:1      | 618 ||| DROPPING +0 robe.
   619 | D:1      | 619 ||| UPGRADING to amulet of the acrobat.
   624 | D:1      | 624 ||| READING scroll labelled QALAICICH.
   625 | D:1      | 625 ||| READING scroll labelled DEACLIH SIKU.
   626 | D:1      | 626 ||| DROPPING scroll of poison.
   938 | D:2      | Reached XP level 3. HP: 29/29 MP: 3/3
   996 | D:2      | Noticed Jessica
   997 | D:2      | Killed Jessica
   998 | D:2      | Reached skill level 4 in Ranged Weapons
  1068 | D:2      | Identified the +10 mace "Waeheiff" {heavy, +Blink}
  1140 | D:2      | Reached skill level 1 in Armour
  1171 | D:2      | Reached XP level 4. HP: 36/36 MP: 4/4
  1382 | D:2      | 1382 ||| READING 4 scrolls labelled IHOSIW TAXI.
  1383 | D:2      | 1383 ||| READING scroll labelled GOEDIPAIST.
  1447 | D:2      | 1447 ||| READING 3 scrolls of identify.
  1447 | D:2      | 1447 ||| IDENTIFYING sapphire potion
  1448 | D:2      | 1448 ||| READING 2 scrolls of identify.
  1448 | D:2      | 1448 ||| IDENTIFYING fizzy amethyst potion
  1482 | D:3      | Noticed Robin
  1483 | D:3      | 1483 ||| Stepping ~*~*~tactically~*~*~ (outnumbered).
  1486 | D:3      | 1486 ||| Stepping ~*~*~tactically~*~*~ (outnumbered).
  1493 | D:3      | Killed Robin
  1498 | D:3      | 1498 ||| FLEEEEING.
  1499 | D:3      | 1499 ||| FLEEEEING.
  1500 | D:3      | 1500 ||| STAIRDANCE
  1573 | D:3      | Reached skill level 5 in Ranged Weapons
  1592 | D:3      | Found a sacrificial altar of Ru.
  1928 | D:3      | Found a stormy altar of Qazlal.
  1928 | D:3      | Found an opulent altar of Gozag.
  2200 | D:3      | 2200 ||| UPGRADING to amulet of faith.
  2210 | D:3      | 2210 ||| DROPPING amulet of the acrobat.
  2211 | D:3      | 2211 ||| UPGRADING to ring of positive energy.
  2212 | D:3      | 2212 ||| READING scroll labelled IHAUKY JEEKAOGY.
  2213 | D:3      | 2213 ||| READING scroll labelled RUDOAF LINOHY.
  2214 | D:3      | 2214 ||| READING scroll labelled WYESOY WIDISM.
  2215 | D:3      | 2215 ||| READING scroll labelled AKYAXU ZESUBRI.
  2218 | D:3      | 2218 ||| DRINKING 2 pink potions.
  2219 | D:3      | 2219 ||| DROPPING potion of brilliance.
  2367 | D:4      | Reached XP level 5. HP: 43/44 MP: 5/5
  2370 | D:4      | Reached skill level 3 in Fighting
  2453 | D:4      | Found a bloodstained altar of Trog.
  2655 | D:4      | Found Qadozy's Armour Shop.
  2825 | D:4      | Identified the ring "Beav" {rElec rPois rF+ Will- rCorr}
  2880 | D:4      | 2880 ||| SHOPLISTING +0 ring mail "Siteatyill" {+Blink
                  | rPois rC+} (292 gold, have 191).
  2880 | D:4      | 2880 ||| BUYING +1 ring mail of willpower (160 gold).
  2880 | D:4      | Bought a +1 ring mail of willpower for 160 gold pieces
  2880 | D:4      | 2880 ||| SHOPLISTING +4 ring mail of fire resistance (310
                  | gold, have 31).
  3160 | D:4      | 3160 ||| UPGRADING to +1 ring mail of willpower.
  3170 | D:4      | 3170 ||| DROPPING +0 ring mail.
  3171 | D:4      | 3171 ||| UPGRADING to ring "Beav" {rElec rPois rF+ Will-
                  | rCorr}.
  3172 | D:4      | 3172 ||| READING scroll labelled KAUMNU BEGEBU.
  3273 | D:4      | 3273 ||| READING scroll labelled QYISSO PEOM.
  3274 | D:4      | 3274 ||| READING 3 scrolls of identify.
  3274 | D:4      | 3274 ||| IDENTIFYING lumpy golden potion
  3275 | D:4      | 3275 ||| READING 2 scrolls of identify.
  3275 | D:4      | 3275 ||| IDENTIFYING fizzy dark potion
  3293 | D:5      | Entered Level 5 of the Dungeon
  3350 | D:5      | Reached skill level 6 in Ranged Weapons
  3350 | D:5      | Reached XP level 6. HP: 47/51 MP: 6/6
  3481 | D:5      | 3481 ||| FLEEEEING.
  3596 | D:5      | Noticed a two-headed ogre
  3602 | D:5      | HP: 7/53 [two-headed ogre/+0 giant club (25)]
  3602 | D:5      | Mangled by a two-headed ogre

Levels and vault maps discovered:
D:1:      dreamdust_arrival_beginning_and_end, layout_loops_ring,
          shapermc_ecumenical_altar_pompeii
D:2:      layout_loops_corners, uniq_jessica
D:3:      layout_loops_cross, mainiacjoe_overflow_paths, jmf_multi_god_temple,
          uniq_robin
D:4:      layout_basic, mainiacjoe_overflow_cross_hatched, serial_shops,
          nicolae_shop_tiny_waterfront, minmay_misc_feat_more_columns
D:5:      wander_river, layout_basic, temple_hall, nzn_random_ring

Skill      XL: |  1  2  3  4  5  6 |
---------------+-------------------+-----
Ranged Weapons | 3 4 5 6 |  6.9
Fighting       | 2 3 4 |  4.7
Armour         | 1 |  1.0
Dodging        | |  2.1
Spellcasting   | |  1.0
Hexes          | |  2.0

Action                     |  1- 3 |  4- 6 || total
---------------------------+-------+-------++-------
   Fire: Sling             |    66 |   149 ||   215
    Use: Scroll            |     2 |    12 ||    14
         Potion            |       |     1 ||     1
 Armour: Ring mail         |       |    19 ||    19
  Dodge: Dodged            |     8 |    46 ||    54

Table legend:
 A = Non-vault XP
 B = Vault XP
 C = Vault XP percentage of total XP
 D = Non-vault monster count
 E = Vault monster count
 F = Vault count percentage of total count
                 A         B        C        D         E       F
            +---------+---------+-------+---------+---------+-------
      Total |     327 |     371 |  53.2 |      74 |      26 |  26.0
            +---------+---------+-------+---------+---------+-------
        D:1 |      34 |       0 |   0.0 |      21 |       0 |   0.0
        D:2 |      34 |      37 |  52.1 |      19 |       1 |   5.0
        D:3 |      31 |      41 |  56.9 |      11 |      14 |  56.0
        D:4 |      95 |       0 |   0.0 |      19 |       0 |   0.0
        D:5 |     133 |     293 |  68.8 |       4 |      11 |  73.3
            +---------+---------+-------+---------+---------+-------
